 Dungeon Crawl Stone Soup version 0.31-a0-876-gfe8ebadbca (webtiles) character file.

Game seed: 14204657008682527260

18 kae the Vexing (level 2, 0/19 HPs)
             Began as a Demonspawn Enchanter on Oct 13, 2023.
             Slain by a jackal (1 damage)
             ... on level 2 of the Dungeon.
             The game lasted 00:01:26 (700 turns).

kae the Vexing (Demonspawn Enchanter)                Turns: 700, Time: 00:01:27

Health: 0/19       AC:  2    Str:  8    XL:     2   Next: 51%
Magic:  3/5        EV: 12    Int: 16    God:
Gold:   12         SH:  0    Dex: 13    Spells: 3/5 levels left

rFire   . . .        a - +1 dagger
rCold   . . .        (no shield)
rNeg    . . .        b - +0 robe
rPois   .            (no helmet)
rElec   .            (no cloak)
rCorr   .            (no gloves)
SInv    .            (no boots)
Will    .....        (no amulet)
Stlth   ++           (no ring)
HPRegen 0.23/turn    (no ring)
MPRegen 0.09/turn

%: no passive effects
@: no status effects
A: powered by pain 1
a: no special abilities


You were on level 2 of the Dungeon.
You visited 1 branch of the dungeon, and saw 2 of its levels.

You collected 47 gold pieces.
You spent 35 gold pieces at shops.


Innate Abilities, Weirdness & Mutations

You sometimes gain a little power by taking damage.


   Skills:
 * Level 1.5 Short Blades
 - Level 1.7 Dodging
 + Level 2.9 Stealth
 - Level 2.0 Spellcasting
 * Level 3.3 Hexes


You had 3 spell levels left.
You knew the following spells:

 Your Spells              Type           Power      Damage    Failure   Level
a - Ensorcelled Hibernat  Hex/Ice        14%        N/A       16%         2

Your spell library contained the following spells:

 Spells                   Type           Power      Damage    Failure   Level
 Confusing Touch          Hex            12%        N/A       16%         3
 Tukima's Dance           Hex            12%        N/A       16%         3
 Sublimation of Blood     Necr           1%         N/A       30%         2
 Dazzling Flash           Conj/Hex       14%        N/A       30%         3
 Petrify                  Tmut/Erth      1%         N/A       90%         4
 Irradiate                Conj/Tmut      0%         3d11      99%         5

Inventory:

Hand Weapons
 a - a +1 dagger (weapon)
Missiles
 d - 6 stones
Armour
 b - a +0 robe (worn)
Potions
 c - 2 potions of invisibility
 g - 2 potions of curing {unknown}
 h - a potion of mutation {!q}
 i - a potion of attraction {unknown}
 j - a potion of degeneration {!q}

Dungeon Overview and Level Annotations

Branches:
Dungeon (2/15) Zot: 11302

Altars:

Shops:
D:1

==**! #.# #.# #.# #.#
######.####### ...
#.......##...# ...
#.......##...# ....
#..).<...#...### .....
#........@hS...##.....
########.#...#........
#..................
#.###+#...#........
.......#....(...
........#....!...
.....####...#####
..... ##### .....


You could see a jackal and a ball python.


Message History

No target in view!
No target in view!
Done exploring.
No target in view!
No target in view!
Done exploring.
No target in view!
No target in view!
Done exploring.
No target in view!
No target in view!
Done exploring.
Done exploring.
There is a stone staircase leading down here.
You climb downwards.
There is a stone staircase leading up here.
A kobold is nearby!
A kobold is nearby!
You barely miss the kobold. You hit the kobold.
The kobold hits you with a +0 short sword.
You barely miss the kobold. The kobold closely misses you. 😕 HP[-2]
You take 2 damage, and now have 17/19 hp.
A kobold is nearby!
You closely miss the kobold.
The kobold hits you with a +0 short sword.
You hit the kobold.
You kill the kobold! 😕 HP[-1]
You take 1 damage, and now have 16/19 hp.
You open the door.
There is an open door here. 2 jackals come into view. 😎 HP[+3]
Your hp is fully restored (19).
A ball python comes into view.
There are monsters nearby!
The ball python hisses angrily.
The jackal barks!
The jackal bites you. 😕 HP[-2]
You take 2 damage, and now have 17/19 hp.
There are monsters nearby!
You barely miss the ball python. The jackal bites you.
The ball python closely misses you. x2
You barely miss the ball python. The ball python barely misses you.
The ball python misses you. 😕 HP[-1]
You take 1 damage, and now have 16/19 hp.
You barely miss the jackal. The jackal bites you.
The ball python closely misses you. The ball python grabs you.
The ball python constricts you. The jackal barely misses you. x2
You hit the ball python but do no damage.
The jackal bites you but does no damage.
The ball python bites you. The ball python constricts you.
The jackal bites you. 😮 HP[-6]
You take 6 damage, and now have 10/19 hp.
MASSIVE DAMAGE!! (PAUSE)
You escape the ball python's grasp.
The jackal attacks as it pursues you!
The jackal bites you but does no damage.
The jackal completely misses you. The jackal attacks as it pursues you!
The jackal barely misses you. x2
The jackal attacks as it pursues you! The jackal bites you.
Casting: Ensorcelled Hibernation (safe; 16% risk of failure)
Confirm with . or Enter, or press ? or * to list all spells.
Aiming: Ensorcelled Hibernation (safe; 16% risk of failure)
Press: ? - help, Shift-Dir - straight line, f - jackal
Aim: a jackal (chance to affect: 57%)
The jackal looks drowsy... 😮 MP[-2]
You lost 2 mp, and now have 3/5 mp.
The helpless jackal fails to defend itself.
You puncture the jackal!
You kill the jackal!
The ball python bites you.
* * * LOW HITPOINT WARNING * * *
The ball python grabs you. The ball python constricts you.
* * * LOW HITPOINT WARNING * * *
The jackal bites you.
* * * LOW HITPOINT WARNING * * *
😨 HP[-5]
You take 5 damage, and now have 5/19 hp.
MASSIVE DAMAGE!! (PAUSE)
You escape the ball python's grasp.
The ball python attacks as it pursues you!
The ball python bites you.
* * * LOW HITPOINT WARNING * * *
The ball python grabs you. The ball python constricts you.
* * * LOW HITPOINT WARNING * * *
😱 HP[-2]
You take 2 damage, and now have 3/19 hp.
You escape the ball python's grasp.
The jackal attacks as it pursues you! The jackal bites you.
* * * LOW HITPOINT WARNING * * *
The jackal bites you.
You die...

Skill      XL: |  1 |
---------------+----+-----
Short Blades   | 1 |  1.5
Dodging        | |  1.7
Stealth        | |  2.9
Spellcasting   | |  2.0
Hexes          | |  3.3

Action                     || total
---------------------------++-------
  Melee: Dagger            ||    48
   Cast: Ensorcelled Hiber ||     1
    Use: Scroll            ||     2
   Stab: Sleeping          ||     3
 Armour: Robe              ||    32
  Dodge: Dodged            ||    33

Levels and vault maps discovered:
D:1:      dpeg_arrival_tiny_a, layout_rooms, serial_shops,
          nicolae_shop_tiny_glass, shop, nicolae_shop_rolling_square,
          nicolae_shop_advertising_works [nicolae_subvault_shop_adworks], shop,
          item_on_display_a
D:2:      layout_basic, uniq_crazy_yiuf_cottage

Notes
Turn   | Place    | Note
-------+----------+-------------------------------------------
     0 | D:1      | kae the Demonspawn Enchanter began the quest for the Orb.
     0 | D:1      | Reached XP level 1. HP: 13/13 MP: 3/3
     0 | D:1      | magus.rc [v1.11.3]
    23 | D:1      | Found Duim's Jewellery Boutique.
    28 | D:1      | Reached skill level 1 in Short Blades
   131 | D:1      | Found Aqoatoh's Assorted Antiques.
   192 | D:1      | Gained mutation: You sometimes gain a little power by
                  | taking damage. [demonic ancestry]
   192 | D:1      | Reached XP level 2. HP: 19/19 MP: 5/5
   207 | D:1      | Bought a ruby potion for 25 gold pieces
   245 | D:1      | You pick up a book of Alchemy and begin reading...
   245 | D:1      | You add the spells Sublimation of Blood, Petrify and
                  | Irradiate to your library.
   312 | D:1      | Found Judaurphe's Jewellery Shop.
   380 | D:1      | Learned a level 2 spell: Ensorcelled Hibernation
   430 | D:1      | Found Jeuschi's Distillery.
   477 | D:1      | Found Meteff's General Store.
   503 | D:1      | Bought a potion of degeneration for 10 gold pieces
   699 | D:2      | HP: 4/19 [ball python (1)]
   700 | D:2      | HP: 1/19 [jackal (2)]
   700 | D:2      | Slain by a jackal

Vanquished Creatures
  An endoplasm (D:1)
  2 giant cockroaches (D:1)
  2 goblins (D:1)
  A hobgoblin (D:1)
  A jackal (D:2)
  A kobold (D:2)
  3 ball pythons (D:1)
  A bat (D:1)
  2 frilled lizards (D:1)
  4 rats (D:1)
18 creatures vanquished.

Table legend:
 A = Non-vault XP
 B = Vault XP
 C = Vault XP percentage of total XP
 D = Non-vault monster count
 E = Vault monster count
 F = Vault count percentage of total count
                 A         B        C        D         E       F
            +---------+---------+-------+---------+---------+-------
      Total |      27 |       0 |   0.0 |      18 |       0 |   0.0
            +---------+---------+-------+---------+---------+-------
        D:1 |      23 |       0 |   0.0 |      16 |       0 |   0.0
        D:2 |       4 |       0 |   0.0 |       2 |       0 |   0.0
            +---------+---------+-------+---------+---------+-------

Skill      XL: |  1 |
---------------+----+-----
Short Blades   | 1 |  1.5
Dodging        | |  1.7
Stealth        | |  2.9
Spellcasting   | |  2.0
Hexes          | |  3.3

Action                     || total
---------------------------++-------
  Melee: Dagger            ||    48
   Cast: Ensorcelled Hiber ||     1
    Use: Scroll            ||     2
   Stab: Sleeping          ||     3
 Armour: Robe              ||    32
  Dodge: Dodged            ||    33

Illustrated notes

Table legend:
 A = Kills in this place as a percentage of kills in the entire game.
 B = Kills by you in this place as a percentage of kills by you in the entire game.
 C = Kills by friends in this place as a percentage of kills by friends in the entire game.
 D = Other kills in this place as a percentage of other kills in the entire game.
 E = Experience gained in this place as a percentage of experience gained in the entire game.
 F = Experience gained in this place divided by the number of levels of this place that you have seen.
                   A       B       C       D       E      F
               +-------+-------+-------+-------+-------+----------------------
         Total | 100.0 | 100.0 |   N/A |   N/A | 100.0 |  13.5
       Dungeon | 100.0 | 100.0 |   N/A |   N/A | 100.0 |  13.5
               +-------+-------+-------+-------+-------+----------------------

Table legend: (Time is in decaauts)
 A = Elapsed time spent in this place.
 B = Non-inter-level travel time spent in this place.
 C = Inter-level travel time spent in this place.
 D = Time resting spent in this place.
 E = Time spent auto-exploring this place.
 F = Levels seen in this place.
 G = Mean time per level.
                   A        B        C        D        E       F      G
               +--------+--------+--------+--------+--------+-----+--------+
         Total |    696 |    664 |     32 |     28 |    469 |   2 |  348.0 |
       Dungeon |    696 |    664 |     32 |     28 |    469 |   2 |  348.0 |
               +--------+--------+--------+--------+--------+-----+--------+

Top non-repeatable levels by time:
     D:1: 656 daAuts
     D:2: 39 daAuts
